 Dungeon Crawl Stone Soup version 0.27.0-1-g7a089689b8 (webtiles) character file.

Game seed: 1290255786881732714

33 willcat the Sneak (level 3, -5/36 HPs)
             Began as a Troll Delver on Aug 12, 2021.
             Was an Initiate of the Shining One.
             Shot with an arrow by a centaur (14 damage)
             ... on level 7 of the Dungeon.
             The game lasted 00:00:43 (310 turns).

willcat the Sneak (Troll Delver)                     Turns: 310, Time: 00:00:43

Health: -5/36      AC:  4    Str: 21    XL:     3   Next: 12%
Magic:  2/2        EV:  9    Int:  6    God:    the Shining One [......]
Gold:   0          SH:  0    Dex: 11    Spells: 2/2 levels left

rFire    . . .     SeeInvis .     - Unarmed
rCold    . . .     Faith    .   (no shield)
rNeg     . . .     Spirit   .   a - +0 robe
rPois    .         Reflect  .   (helmet restricted)
rElec    .         Harm     .   (no cloak)
rCorr    .         Rampage  .   (gloves unavailable)
Will     .....                  (boots unavailable)
Stlth    +.........             (no amulet)
HPRegen  1.12/turn              (no ring)
MPRegen  0.08/turn              (no ring)

@: glowing
A: large, unfitting armour, claws 3, regeneration 1, shaggy fur 1, tough skin 1
a: Renounce Religion


You were on level 7 of the Dungeon.
You worshipped the Shining One.
The Shining One was noncommittal.
You visited 2 branches of the dungeon, and saw 4 of its levels.

Inventory:

Armour
 a - a +0 robe (worn)
 i - a scarf of invisibility
Wands
 f - a wand of digging (3)
Scrolls
 b - a scroll of fog
 c - a scroll of magic mapping
 d - a scroll of fear
 g - 2 scrolls of amnesia {unknown}
 h - a scroll of noise {unknown}
Potions
 e - a potion of haste


   Skills:
 + Level 2.6 Fighting
 + Level 1.6 Dodging
 + Level 3.2 Stealth
 + Level 2.1 Unarmed Combat


You had 2 spell levels left.
You didn't know any spells.
Your spell library contained the following spells:

 Spells                   Type           Power      Damage    Failure   Level
 Magic Dart               Conj           0%         1d3       45%         1
 Call Imp                 Summ           0%         N/A       58%         2
 Mephitic Cloud           Conj/Pois/Air  0%         N/A       83%         3


Dungeon Overview and Level Annotations

Branches:
Dungeon (7/15)             Temple (1/1) D:6

Altars:
Ashenzari
Cheibriados
Dithmenos
Elyvilon
Fedhas
Gozag
Hepliaklqana
Kikubaaqudgha
Makhleb
Nemelex Xobeh
Okawaru
Qazlal
Ru
Sif Muna
Trog
Uskayaw
Wu Jian
Xom
Yredelemnul
Zin
The Shining One


Innate Abilities, Weirdness & Mutations

You are too large for most types of armour.
You have claws for hands.
Your natural rate of healing is unusually fast.
You are covered in fur. (AC +1)
You have tough skin. (AC +1)


Message History

There is a glowing silver altar of Zin here.
Found three altars.
There is a bloodstained altar of Trog here.
There is a burning altar of Makhleb here.
There is an ornate altar of the Wu Jian Council here.
There is a glowing golden altar of the Shining One here.
You kneel at the altar of the Shining One.
Unknown command.
Press < or > to pray at altars.
You kneel at the altar of the Shining One.
The Shining One welcomes you!
(D) Dungeon (T) Temple
Where to? (? - help)
What level of the Dungeon? (default 6, ? - help)
There is a broken altar of Ashenzari here.
There is an open door here.
There is a staircase back to the Dungeon here.
You climb upwards.
There is a staircase to the Ecumenical Temple here.
Unknown command.
h - a scroll labelled ZIRIOG ZURREBIUROMP
g - 2 scrolls labelled HOWUV MEGILL (gained 1)
There is a stone staircase leading down here.
You climb downwards.
There is a stone staircase leading up here.
Unknown command.
Found a glowing scarf.
You see here a scarf of invisibility.
A centaur comes into view.
The centaur shouts!
The centaur wields a +0 shortbow.
The centaur shoots an arrow.
The arrow closely misses you.
The centaur shoots an arrow.
The arrow hits you!
You see here a scarf of invisibility.
i - a scarf of invisibility The centaur shoots an arrow.
The arrow hits you!
The centaur shoots an arrow.
The arrow hits you!
* * * LOW HITPOINT WARNING * * *
The centaur shoots an arrow.
The arrow hits you!
You die...

# #.# ....
######
#....##.<#.#
#.....@.##
#..##.....#
#. #.##..#
.......######
..#.#.. ....
#c... ....##
.####


You could see a centaur.

Vanquished Creatures
  A hound (D:6)
  An ufetubus (D:5)
2 creatures vanquished.

Notes
Turn   | Place    | Note
-------+----------+-------------------------------------------
     0 | D:5      | willcat the Troll Delver began the quest for the Orb.
     0 | D:5      | Reached XP level 1. HP: 22/22 MP: 0/0
     1 | D:6      | Noticed a hound
    24 | D:6      | Killed a hound
    25 | D:6      | Reached skill level 3 in Stealth
    25 | D:6      | Reached XP level 2. HP: 15/29 MP: 1/1
    25 | D:6      | Reached XP level 3. HP: 19/36 MP: 2/2
   100 | D:6      | Found a staircase to the Ecumenical Temple.
   118 | Temple   | Entered the Ecumenical Temple
   217 | Temple   | Became a worshipper of the Shining One
   305 | D:7      | Noticed a centaur
   310 | D:7      | Shot with an arrow by a centaur

Illustrated notes

Levels and vault maps discovered:
D:5:      layout_loops_ring, hex_medium, moated_statue, cheibrodos_gnoll_hut
D:6:      minmay_razor_zed, layout_cave_pods, minmay_temple_entry_butterflies,
          minmay_between
D:7:      layout_cave_pools, corexii_checkpoint_a, uniq_maggie, uniq_harold,
          uniq_prince_ribbit1
Temple:   kilobyte_greek_temple

Skill      XL: |  1 |
---------------+----+-----
Stealth        | 3 |  3.2
Fighting       | |  2.6
Dodging        | |  1.6
Unarmed Combat | |  2.1

Action                   || total
-------------------------++-------
Melee: Unarmed           ||    16
Armor: Robe              ||     6
Dodge: Dodged            ||    13
